 Dungeon Crawl Stone Soup version 0.29.0 (webtiles) character file.

Game seed: 3878285896760960182

98 LynnLen the Vexing (level 4, -6/24 HPs)
             Began as a Vampire Enchanter on Aug 25, 2022.
             Mangled by a gnoll
             ... wielding a +0 spear
              (8 damage)
             ... on level 3 of the Dungeon.
             The game lasted 00:08:29 (1938 turns).

LynnLen the Vexing (Vampire Enchanter)              Turns: 1938, Time: 00:08:30

Health: -6/24      AC:  2    Str:  7    XL:     4   Next: 43%
Magic:  9/9        EV: 16    Int: 19    God:
Gold:   159        SH:  0    Dex: 14    Spells: 1/9 levels left

rFire   + . .      SeeInvis +   a - +1 dagger
rCold   + + .      Faith    .   (no shield)
rNeg    + + +      Spirit   .   b - +0 robe
rPois   ∞          Reflect  .   (no helmet)
rElec   .          Harm     .   (no cloak)
rCorr   .          Rampage  .   (no gloves)
Will    .....                   (no boots)
Stlth   +++++.....              (no amulet)
HPRegen 0.00/turn               m - +4 ring of evasion
MPRegen 0.11/turn               j - ring of protection from fire

@: bloodless, inhibited regen, invisible
A: bloodless, fangs 3, see invisible, vampiric 2
a: Bat Form, Revivify


You were on level 3 of the Dungeon.
You visited 1 branch of the dungeon, and saw 3 of its levels.

You collected 159 gold pieces.

Inventory:

Hand Weapons
 a - a +1 dagger (weapon)
Missiles
 g - 35 stones
 n - 3 datura-tipped darts
Armour
 b - a +0 robe (worn)
Jewellery
 j - a ring of protection from fire (right hand)
 m - a +4 ring of evasion (left hand)
Wands
 s - a wand of quicksilver (14)
Scrolls
 f - 2 scrolls of immolation
 k - a scroll of summoning {unknown}
 l - 2 scrolls of vulnerability
 o - a scroll of brand weapon {unknown}
Potions
 c - a potion of invisibility
 d - 2 potions of ambrosia
 e - a potion of degeneration {unknown}
 h - 2 potions of attraction
 i - a potion of cancellation {unknown}
 p - a potion of haste {unknown}
 q - 2 potions of magic
 r - a potion of lignification {unknown}


   Skills:
 - Level 1.1 Short Blades
 - Level 2.1 Dodging
 - Level 4.4 Stealth
 + Level 3.3 Spellcasting
 + Level 6.2 Hexes


You had one spell level left.
You knew the following spells:

 Your Spells              Type           Power      Damage    Failure   Level
a - Ensorcelled Hibernat  Hex/Ice        30%        N/A       6%          2
b - Confusing Touch       Hex            27%        N/A       3%          3
c - Tukima's Dance        Hex            27%        N/A       3%          3

Your spell library contained the following spells:

 Spells                   Type           Power      Damage    Failure   Level
 Dazzling Flash           Conj/Hex       30%        N/A       12%         3
 Summon Guardian Golem    Hex/Summ       15%        N/A       12%         3
 Orb of Destruction       Conj           1%         9d5       100%        7
 Spellforged Servitor     Conj/Summ      1%         N/A       100%        7


Dungeon Overview and Level Annotations

Branches:
Dungeon (3/15)

Altars:
Fedhas
Nemelex Xobeh

Shops:
D:1 =


Innate Abilities, Weirdness & Mutations

You do not regenerate when monsters are visible.
You are frail without blood (-20% HP).
You can heal yourself when you bite living creatures.
You are immune to poison.
You have razor-sharp teeth.
You have supernaturally acute eyesight. (SInv)
You are afflicted with vampirism and can become a bat while bloodless.


Message History

The bat hits you but does no damage.
You closely miss the bat. You bite the bat.
You draw the bat's blood!
You feel better.
The bat is moderately wounded.
The bat barely misses you.
You hit the bat but do no damage. Your bite misses the bat.
The bat is moderately wounded.
The bat closely misses you.
You hit the bat but do no damage. You bite the bat.
You kill the bat!
This spell is quite dangerous to cast!
Memorise Tukima's Dance, consuming 3 spell levels and leaving 1?
You start memorising the spell.
You continue memorising. x3
You finish memorising.
Spell assigned to 'c'.
Number of times to repeat, then command key: You must enter the number of times for the command to repeat.
Found 6 stones.
A bat comes into view.
Found 6 stones.
You see here 6 stones.
The helpless bat fails to defend itself.
You bite the bat, and draw its blood! You impale the bat!!
You kill the bat!
g - 29 stones (gained 6)
g - 35 stones (gained 6)
A gnoll comes into view. It is wielding a +0 club.
A gnoll comes into view. It is wielding a +0 spear.
A gnoll comes into view. It is wielding a +0 spear.
Found a sparkling altar of Nemelex Xobeh.
The gnoll shouts! x2
The gnoll hits you with a +0 club.
A gnoll comes into view. It is wielding a +0 club.
The gnoll shouts! x2
You closely miss the gnoll. The gnoll hits you with a +0 club!
The gnoll hits you from afar with a +0 spear!
* * * LOW HITPOINT WARNING * * *
You fade into invisibility!
The gnoll closely misses you.
The gnoll hits you from afar with a +0 spear!
You die...

.# .## ....
..⌠.⌠ ##..._.
.#######....⌠.⌠
.......gg.....#
#g# #@# #.# ##.#
#.# ####..# #.#
#....##
#.#####.####
#.##....####
#.##.#.....##
###.##........##
#.^............#


You could see 3 gnolls.

Vanquished Creatures
  A vampire bat (D:3)
  An adder (D:2)
  2 worms (D:2)
  A dart slug (D:1)
  3 ball pythons
  4 endoplasms
  5 giant cockroaches
  2 hobgoblins
  A quokka (D:2)
  8 bats
  2 frilled lizards (D:1)
  5 goblins
  3 kobolds (D:2)
  7 rats
45 creatures vanquished.

Notes
Turn   | Place    | Note
-------+----------+-------------------------------------------
     0 | D:1      | LynnLen the Vampire Enchanter began the quest for the Orb.
     0 | D:1      | Reached XP level 1. HP: 13/13 MP: 3/3
   351 | D:1      | Found Gagucium's Jewellery Emporium.
   383 | D:1      | Reached XP level 2. HP: 15/15 MP: 5/5
   386 | D:1      | Learned a level 2 spell: Ensorcelled Hibernation
   564 | D:1      | Reached skill level 5 in Hexes
   942 | D:2      | Gained mutation: You are afflicted with vampirism and can
                  | become a bat while bloodless. [Vampire growth]
   942 | D:2      | Reached XP level 3. HP: 11/19 MP: 1/7
   946 | D:2      | Learned a level 3 spell: Confusing Touch
  1111 | D:2      | Found a blossoming altar of Fedhas.
  1831 | D:3      | Reached skill level 6 in Hexes
  1831 | D:3      | Reached XP level 4. HP: 23/24 MP: 5/9
  1854 | D:3      | Learned a level 3 spell: Tukima's Dance
  1935 | D:3      | Found a sparkling altar of Nemelex Xobeh.
  1938 | D:3      | Mangled by a gnoll

Illustrated notes

Levels and vault maps discovered:
D:1:      minmay_arrival_glassed_features, layout_rooms, serial_shops,
          nicolae_shop_hallway_stairs
D:2:      layout_basic, basic_altar
D:3:      layout_rooms, nemelex_xobeh_ov_fountains_minmay,
          nicolae_qazlal_eye_of_the_storm, roderic_batcave

Skill      XL: |  1  2  3 |
---------------+----------+-----
Hexes          | 5 6 |  6.2
Spellcasting   | 3 |  3.3
Short Blades   | |  1.1
Dodging        | |  2.1
Stealth        | |  4.4

Action                   |  1- 3 |  4- 6 || total
-------------------------+-------+-------++-------
Melee: Dagger            |    82 |     8 ||    90
       Bite              |     5 |     2 ||     7
Throw: Stone             |     1 |       ||     1
 Cast: Ensorcelled Hiber |     8 |       ||     8
       Confusing Touch   |     1 |       ||     1
 Abil: Exsanguinate      |     1 |       ||     1
  Use: Scroll            |     4 |       ||     4
       Potion            |     1 |     1 ||     2
 Stab: Sleeping          |    26 |     1 ||    27
       Confused          |     1 |       ||     1
Armor: Robe              |     7 |     1 ||     8
Dodge: Dodged            |    47 |     8 ||    55
